 Dungeon Sprint DCSS version 0.23.2-1-ga50397a6bc (webtiles) character file.

Game seed: 12558226025506747670

4309 Kobolds4U the Imperceptible (level 10, -1/51 HPs)
             Began as a Spriggan Assassin on May 23, 2019.
             Was an Elder of Okawaru.
             Slain by a deep troll (18 damage)
             ... in the Dungeon (Sprint I: "Red Sonja").
             The game lasted 00:06:45 (887 turns).

Kobolds4U the Imperceptible (Spriggan Assassin)      Turns: 887, Time: 00:06:46

Health: -1/51      AC:  3    Str:  7    XL:     10   Next: 11%
Magic:  15/15      EV: 38    Int: 13    God:    Okawaru [****..]
Gold:   566        SH:  0    Dex: 21    Spells: 9/9 levels left

rFire    . . .     SeeInvis +   a - +2 dagger
rCold    . . .     Gourm    .   (shield restricted)
rNeg     . . .     Faith    .   c - +0 robe
rPois    .         Spirit   .   (helmet restricted)
rElec    .         Reflect  .   d - +0 cloak
rCorr    .         Harm     .   (gloves unavailable)
MR       +....     NoTele   +   (boots unavailable)
Stlth    +++++++++.             (no amulet)
HPRegen  0.17/turn              (no ring)
MPRegen  0.14/turn              (no ring)

@: heroism, hasted, very quick
A: very small, unfitting armour, see invisible, herbivore, speed 3, slow
metabolism 2
a: Heroism, Renounce Religion


You were in the Dungeon.
You worshipped Okawaru.
Okawaru was greatly pleased with you.
You were not hungry.

You visited 1 branch You collected 648 gold pieces.
You spent 82 gold pieces at shops.

Inventory:

Hand Weapons
 a - a +2 dagger (weapon)
 b - a +0 blowgun
Missiles
 e - a poisoned needle
 p - 28 arrows
Armour
 c - a +0 robe (worn)
 d - a +0 cloak (worn)
Wands
 n - a wand of digging (1)
Scrolls
 m - a scroll of blinking
 o - a scroll of identify
Potions
 h - a potion of curing
 i - a potion of heal wounds
 k - 2 potions of magic
 l - a potion of berserk rage
Comestibles
 g - a ration


   Skills:
 - Level 5.2(10.2) Fighting
 - Level 12.1(17.1) Short Blades
 + Level 2.0(7.0) Throwing
 + Level 16.5(21.5) Dodging
 * Level 21.1(26.1) Stealth
 - Level 6.3 Invocations


You had 9 spell levels left.
You didn't know any spells.
Your spell library was empty.

Dungeon Overview and Level Annotations

Branches:
Dungeon (1/1)

Altars:
Cheibriados
Dithmenos
Elyvilon
Fedhas
Gozag
Hepliaklqana
Kikubaaqudgha
Makhleb
Nemelex Xobeh
Okawaru
Qazlal
Ru
Sif Muna
Trog
Uskayaw
Vehumet
Wu Jian
Xom
Yredelemnul
Zin
The Shining One
Jiyva
Lugonu

Shops:
D *


Innate Abilities, Weirdness & Mutations

You are very small and have problems with some larger weapons.
You are too small for most types of armour.
You have supernaturally acute eyesight. (SInv)
You are a herbivore.
You cover ground extremely quickly.
You need to consume almost no food.


Message History

You hit the deep troll but do no damage.
The deep troll is heavily wounded.
You hit the deep troll but do no damage.
The deep troll is heavily wounded.
The deep troll completely misses you. The deep troll claws you.
The deep troll completely misses you.
You hit the deep troll but do no damage.
The deep troll is moderately wounded.
You barely miss the deep troll.
The deep troll is moderately wounded.
The deep troll completely misses you. The deep troll claws you.
The deep troll completely misses you.
You hit the deep troll.
The deep troll is heavily wounded.
You barely miss the deep troll.
The deep troll is heavily wounded.
You hit the deep troll but do no damage.
The deep troll is heavily wounded.
The deep troll bites you!!
You die...

#######################
#.)'(.#.)'..#__#..'..)#
'((#J)+..#..'..T@.#...#
#####'#####'#__####)..+
####..#...#§####§.#####
#__####..##)#§§§.)#§.#
#_____##'#§§§§§≈§.§§§#
#_.∩...'...§#§§§§)#..#
#_..__##_.#'##'#####'###
#_____###+#.#!.(!# #.§§#
####### ####'### ###.#


You could see a deep troll.

Vanquished Creatures
  2 centaur warriors (D)
  2 unseen horrors (D)
  An oklob plant (D)
  2 kobold demonologists (D)
  A hornet (D)
  Sigmund (D)
  2 redbacks (D)
  A yak (D)
  A floating eye (D)
  An ogre (D)
  A jelly (D)
  Ijyb (D)
16 creatures vanquished.

Vanquished Creatures (others)
  2 hornets (D)
2 creatures vanquished.

Grand Total: 18 creatures vanquished

Notes
Turn   | Place    | Note
-------+----------+-------------------------------------------
     0 | D        | Kobolds4U the Spriggan Assassin began the quest for the
                  | Orb.
     0 | D        | Reached XP level 1. HP: 10/10 MP: 2/2
     1 | D        | Noticed Ijyb
     4 | D        | Killed Ijyb
     4 | D        | Reached skill level 10 in Stealth
     4 | D        | Reached XP level 2. HP: 14/14 MP: 3/3
     7 | D        | Noticed an ogre
    10 | D        | Killed an ogre
    10 | D        | Reached skill level 14 in Stealth
    10 | D        | Reached XP level 3. HP: 18/18 MP: 4/4
    10 | D        | Reached XP level 4. HP: 22/22 MP: 5/5
    12 | D        | Noticed Sigmund
    15 | D        | Killed Sigmund
    15 | D        | Reached skill level 18 in Stealth
    15 | D        | Reached XP level 5. HP: 25/25 MP: 6/6
    41 | D        | Found a burning altar of Makhleb.
    41 | D        | Found a viscous altar of Jiyva.
    41 | D        | Found a shimmering altar of Xom.
    41 | D        | Found a corrupted altar of Lugonu.
    41 | D        | Noticed a slime creature
   288 | D        | HP: 1/25 [slime creature (22)]
   517 | D        | Killed a hornet
   588 | D        | Found an ornate altar of the Wu Jian Council.
   588 | D        | Found a deep blue altar of Sif Muna.
   590 | D        | Found a radiant altar of Vehumet.
   594 | D        | Reached XP level 6. HP: 30/30 MP: 7/7
   616 | D        | Found Burch's General Store.
   616 | D        | Found an ancient bone altar of Kikubaaqudgha.
   616 | D        | Found a hazy altar of Hepliaklqana.
   616 | D        | Found a stormy altar of Qazlal.
   616 | D        | Found a hide-covered altar of Uskayaw.
   616 | D        | Found a blossoming altar of Fedhas.
   616 | D        | Found a bloodstained altar of Trog.
   616 | D        | Found an iron altar of Okawaru.
   616 | D        | Found a basalt altar of Yredelemnul.
   616 | D        | Found a glowing golden altar of the Shining One.
   616 | D        | Found a snail-covered altar of Cheibriados.
   616 | D        | Found a sacrificial altar of Ru.
   616 | D        | Found a glowing silver altar of Zin.
   616 | D        | Found a shadowy altar of Dithmenos.
   616 | D        | Found a white marble altar of Elyvilon.
   616 | D        | Noticed a yak
   617 | D        | Found an opulent altar of Gozag.
   618 | D        | Killed a yak
   618 | D        | Reached skill level 19 in Stealth
   619 | D        | Found a sparkling altar of Nemelex Xobeh.
   624 | D        | Bought a scroll of blinking for 82 gold pieces
   625 | D        | Became a worshipper of Warmaster Okawaru
   633 | D        | Killed a hornet
   651 | D        | Noticed a kobold demonologist
   651 | D        | Noticed a floating eye
   652 | D        | Noticed a kobold demonologist
   654 | D        | Killed a kobold demonologist
   654 | D        | Reached skill level 20 in Stealth
   654 | D        | Reached XP level 7. HP: 33/33 MP: 8/8
   656 | D        | Killed a kobold demonologist
   656 | D        | Reached * piety under Okawaru
   656 | D        | Paralysed by a floating eye for 2 turns
   663 | D        | Paralysed by a floating eye for 4 turns
   669 | D        | Reached skill level 10 in Dodging
   669 | D        | Reached XP level 8. HP: 37/37 MP: 9/9
   685 | D        | Noticed a centaur warrior
   685 | D        | Noticed a centaur warrior
   691 | D        | Killed a centaur warrior
   691 | D        | Reached ** piety under Okawaru
   691 | D        | Reached skill level 10 in Short Blades
   692 | D        | Killed a centaur warrior
   692 | D        | Reached *** piety under Okawaru
   692 | D        | Reached XP level 9. HP: 41/41 MP: 10/10
   708 | D        | Reached skill level 15 in Dodging
   726 | D        | Noticed an oklob plant
   728 | D        | Killed an oklob plant
   728 | D        | Reached skill level 5 in Invocations
   777 | D        | Noticed an unseen horror
   777 | D        | Noticed an unseen horror
   782 | D        | Killed an unseen horror
   782 | D        | Reached **** piety under Okawaru
   784 | D        | Killed an unseen horror
   784 | D        | Reached skill level 5 in Fighting
   784 | D        | Reached skill level 21 in Stealth
   784 | D        | Reached XP level 10. HP: 51/51 MP: 15/15
   807 | D        | Noticed a deep troll
   887 | D        | Slain by a deep troll

Skill      XL: |  1  2  3  4  5  6  7  8  9 |
---------------+----------------------------+-----
Stealth        | 10 14 18 20 21 | 21.1
Short Blades   | 6 8 12 | 12.1
Dodging        | 7 10 14 16 | 16.5
Invocations    | 6 |  6.3
Fighting       | 5 |  5.2
Throwing       | |  2.0

Action                   |  1- 3 |  4- 6 |  7- 9 | 10-12 || total
-------------------------+-------+-------+-------+-------++-------
Melee: Dagger            |     2 |     6 |    16 |    62 ||    86
       Punch             |       |       |       |     2 ||     2
 Fire: Blowgun           |       |     8 |       |     2 ||    10
Invok: Heroism           |       |       |       |     1 ||     1
  Use: Scroll            |       |       |     2 |       ||     2
       Potion            |       |       |       |     1 ||     1
 Stab: Sleeping          |     2 |     4 |     9 |       ||    15
Dodge: Dodged            |       |     2 |       |    61 ||    63
